[Event ""]
[Site "FICS"]
[Date "2023-12-03"]
[Round "6"]
[White "YuWei"]
[Black "BorgesAleph"]
[Result "0-1"]
[WhiteElo "1920"]
[BlackElo "1903"]
[TimeControl "2700+45"]
[Time "22:00:46"]
[PlyCount "83"]

1. d4 Nf6
2. c4 c5
3. d5 b5
4. cxb5 a6
5. b6 d6
6. Nc3 Nbd7
7. e4 g6
8. Nf3 Bg7
9. a4 Qxb6
10. Be2 O-O
11. O-O Ng4
12. a5 Qb4
13. Ra4 Qb7
14. Nd2 Nh6
15. Nc4 f5
16. f3 Bd4+
17. Kh1 Bg7
18. Ra3 Rb8
19. Qe1 fxe4
20. fxe4 Rxf1+
21. Qxf1 Nf6
22. Nb6 Nhg4
23. h3 Ne5
24. Nxc8 Qxc8
25. Bxa6 Qd8
26. Be2 Rb4
27. a6 Nxe4
28. Nxe4 Rxe4
29. a7 Qa8
30. Bg5 Bf8
31. Bf4 Nd7
32. Bb5 Nb6
33. Bc6 Qc8
34. a8=Q Nxa8
35. Rxa8 Qf5
36. g3 g5
37. Bd7 Qf6
38. Qb1 Re2
39. Bxg5 Qf2
40. Be6+ Kg7
41. Qg1 Qf3+
0-1